 Dungeon Crawl Stone Soup version 0.24-a0-277-g67e6301 (webtiles) character file.

Game seed: 14860555714420430844

76 Arcanglegabrial the Sneak (level 4, 0/29 HPs)
             Began as an Octopode Assassin on Apr 28, 2019.
             Slain by a sky beast (5 damage)
             ... on level 3 of the Dungeon.
             The game lasted 00:07:30 (1900 turns).

Arcanglegabrial the Sneak (Octopode Assassin)       Turns: 1900, Time: 00:07:31

Health: 0/29       AC:  1    Str: 10    XL:     4   Next: 32%
Magic:  4/4        EV: 10    Int: 13    God:
Gold:   127        SH:  6    Dex: 14    Spells: 3/3 levels left

rFire    + . .     SeeInvis .   a - +2 dagger
rCold    . . .     Gourm    .   h - +0 shield
rNeg     . . .     Faith    .   (helmet restricted)
rPois    .         Spirit   .   (no amulet)
rElec    .         Reflect  .   q - ring of protection from cold
rCorr    .         Harm     .   v - ring of fire
MR       .....                  (no ring)
Stlth    +++++.....             (no ring)
HPRegen  0.09/turn              (no ring)
MPRegen  0.09/turn              (no ring)
                                (no ring)
                                (no ring)

@: no status effects
A: almost no armour, stealthy swim, amphibious, 8 rings, constrict 8, camouflage
1, gelatinous body 1
a: no special abilities


You were on level 3 of the Dungeon.
You were not hungry.

You visited 1 branch of the dungeon, and saw 3 of its levels.

You collected 127 gold pieces.

Inventory:

Hand Weapons
 a - a +2 dagger (weapon)
 b - a +0 blowgun
 i - a +0 short sword
Missiles
 c - 8 poisoned needles
 d - 2 curare-tipped needles
 j - 23 arrows
Armour
 h - a +0 shield (worn)
Jewellery
 q - a ring of protection from cold (left tentacle)
 v - a ring of fire (right tentacle)
Scrolls
 e - 5 scrolls of identify
 g - a scroll of remove curse
 p - a scroll of teleportation {unknown}
 r - a scroll of enchant armour {unknown}
 s - a scroll of fear {unknown}
 u - 2 scrolls of magic mapping {unknown}
 w - a scroll of immolation {unknown}
Potions
 k - a potion of flight {unknown}
 l - 4 potions of curing
 m - 2 potions of agility {unknown}
 n - a potion of heal wounds {unknown}
 o - a potion of might {unknown}
 t - 2 potions of lignification {unknown}
Comestibles
 f - 3 rations


   Skills:
 + Level 2.2 Fighting
 + Level 2.5 Short Blades
 + Level 2.0 Throwing
 + Level 1.1 Dodging
 + Level 7.2 Stealth
 + Level 0.2 Shields


You had 3 spell levels left.
You didn't know any spells.
Your spell library was empty.

Dungeon Overview and Level Annotations

Branches:
Dungeon (3/15)

Altars:
Qazlal


Innate Abilities, Weirdness & Mutations

You cannot wear most types of armour.
You are very stealthy in the water. (Stealth+)
You are amphibious.
You can wear up to eight rings at the same time.
You can use your tentacles to constrict eight enemies at once.
Your skin changes colour to match your surroundings (Stealth+).
Your rubbery body absorbs attacks. (AC +1, EV +1)


Message History

You impale the bat!!
You kill the bat!
HP restored.
A sky beast comes into view.
You see here a potion of curing.
A sky beast is nearby!
You see here a potion of curing.
l - 4 potions of curing (gained 1)
The sky beast flickers out of sight!
Deactivating autopickup; reactivate with Ctrl-A.
You miss something. You squeeze something! Something hits you.
Something shocks you.
You hit something. Something hits you. Something shocks you.
You barely miss something. You squeeze something. Something hits you.
Something shocks you.
* * * LOW HITPOINT WARNING * * *
You miss something. Your squeeze misses something. Something hits you.
* * * LOW HITPOINT WARNING * * *
Something shocks you.
You die...

#..#.#.#.#.#..#
#.............#
##..#.#.#.#...# .
#............##..
##...............
##......#.......
#..............
#......#..#..#.
#....@....# ..
#...{.....# .
#......####
#......# #.####.#
... #.# ... #.#
.. .#


There were no monsters in sight!

Vanquished Creatures
  2 adders (D:3)
  A worm (D:3)
  2 dart slugs
  3 leopard geckos
  3 giant cockroaches
  4 goblins
  9 hobgoblins
  2 jackals (D:2)
  2 ball pythons (D:1)
  7 bats
  3 frilled lizards
  5 kobolds
  5 rats (D:1)
48 creatures vanquished.

Notes
Turn   | Place    | Note
-------+----------+-------------------------------------------
     0 | D:1      | Arcanglegabrial the Octopode Assassin began the quest for
                  | the Orb.
     0 | D:1      | Reached XP level 1. HP: 14/14 MP: 1/1
   199 | D:1      | Reached XP level 2. HP: 8/19 MP: 2/2
   521 | D:1      | Reached skill level 6 in Stealth
   660 | D:1      | Reached XP level 3. HP: 19/24 MP: 3/3
  1731 | D:2      | Found a stormy altar of Qazlal.
  1804 | D:3      | Reached skill level 7 in Stealth
  1810 | D:3      | Reached XP level 4. HP: 29/29 MP: 4/4
  1891 | D:3      | Noticed a sky beast
  1900 | D:3      | Slain by a sky beast

Levels and vault maps discovered:
D:1:      wander_arrival_lonely_grave, layout_basic
D:2:      layout_loops_ring, nicolae_qazlal_eye_of_the_storm
D:3:      layout_rooms, lemuel_doored_altar, amethyst_overflow_temple_binary,
          hex_medium

Skill      XL: |  1  2  3 |
---------------+----------+-----
Stealth        | 6 7 |  7.2
Fighting       | |  2.2
Short Blades   | |  2.5
Throwing       | |  2.0
Dodging        | |  1.1
Shields        | |  0.2

Action                   |  1- 3 |  4- 6 || total
-------------------------+-------+-------++-------
Melee: Dagger            |    78 |    23 ||   101
       Constrict         |    21 |     4 ||    25
       Tentacles         |    10 |     4 ||    14
  Use: Scroll            |       |     2 ||     2
 Stab: Sleeping          |    15 |     2 ||    17
  Eat: Ration            |     1 |       ||     1
Armor: Skin              |     9 |       ||     9
Dodge: Dodged            |    28 |     9 ||    37
Block: Shield            |    22 |     5 ||    27

Table legend:
 A = Non-vault XP
 B = Vault XP
 C = Vault XP percentage of total XP
 D = Non-vault monster count
 E = Vault monster count
 F = Vault count percentage of total count
                 A         B        C        D         E       F
            +---------+---------+-------+---------+---------+-------
      Total |     109 |       0 |   0.0 |      48 |       0 |   0.0
            +---------+---------+-------+---------+---------+-------
        D:1 |      46 |       0 |   0.0 |      27 |       0 |   0.0
        D:2 |      26 |       0 |   0.0 |      13 |       0 |   0.0
        D:3 |      37 |       0 |   0.0 |       8 |       0 |   0.0
            +---------+---------+-------+---------+---------+-------
